 Dungeon Crawl Stone Soup version 0.30-a0-168-g0b976cbdc4 (webtiles) character file.

Game seed: 16831840832663230886

124487 qw the Severer (level 16, -5/101 HPs)
             Began as a Gargoyle Fighter on Sept 29, 2022.
             Was a High Priest of Okawaru.
             Killed by divine providence
             ... invoked by an orc priest
              (12 damage)
             ... on level 2 of the Orcish Mines.
             The game lasted 00:10:15 (23980 turns).

qw the Severer (Gargoyle Fighter)                  Turns: 23980, Time: 00:10:16

Health: -5/101     AC: 56    Str: 33      XL:     16   Next: 93%
Magic:  23/23      EV:  8    Int: 15 (17) God:    Okawaru [*****.]
Gold:   1649       SH: 26    Dex:  9      Spells: 15/15 levels left

rFire   + . .      SeeInvis .    f - +6 war axe (vamp)
rCold   + . .      Faith    .    v - +1 tower shield {AC+3}
rNeg    + . .      Spirit   .    w - +4 crystal plate armour
rPois   inf        Reflect  +    D - +3 helmet of Lifelessness {rF+ Int+4}
rElec   +          Harm     .    i - +0 cloak
rCorr   .          Rampage  .    B - +2 pair of gloves of Decrun {rElec Will+ Regen+ Int+3}
Will    ++...                    m - +0 pair of boots
Stlth   ..........               A - amulet of reflection
HPRegen 1.06/turn                l - +6 ring of strength
MPRegen 0.18/turn                k - ring of protection from cold

@: about to teleport, heroic, flying
A: sickness immunity, AC +12, big wings, negative energy resistance 1,
electricity resistance, torment resistance 1, petrification resistance
a: Renounce Religion, Heroism, Finesse, Duel


You were on level 2 of the Orcish Mines.
You worshipped Okawaru.
Okawaru was extremely pleased with you.
You visited 4 branches of the dungeon, and saw 23 of its levels.
You also visited: Gauntlet.

You collected 2134 gold pieces.
You spent 485 gold pieces at shops.


Innate Abilities, Weirdness & Mutations

You are immune to sickness and miasma.
Your stone body is resilient. (AC +12)
You are immune to poison.
Your large and strong wings let you fly.
You resist negative energy. (rN+)
You are resistant to electric shocks. (rElec)
You are resistant to unholy torment.
You are immune to petrification.


   Skills:
 - Level 12.0(17.0) Fighting
 - Level 16.0(21.0) Axes
 - Level 5.1(10.1) Throwing
 + Level 12.3(17.3) Armour
 - Level 3.2(8.2) Dodging
 - Level 15.2(20.2) Shields
 - Level 10.0 Invocations


You had 15 spell levels left.
You didn't know any spells.
Your spell library was empty.

Inventory:

Hand Weapons
 f - a +6 vampiric war axe (weapon)
 h - a +4 broad axe of flaming
Missiles
 o - 7 boomerangs
 x - 4 boomerangs of dispersal
 C - 5 javelins (quivered)
Armour
 i - a +0 cloak (worn)
 m - a +0 pair of boots (worn)
 p - +0 acid dragon scales
 v - a +1 tower shield of protection (worn)
 w - a +4 crystal plate armour (worn)
 B - the +2 pair of gloves of Decrun (worn) {rElec Will+ Regen+ Int+3}
   (You acquired it on level 4 of the Lair of Beasts)

   Int:       It affects your intelligence (+3).
   rElec:     It insulates you from electricity.
   Regen:     It increases your rate of health regeneration.
   Will:      It increases your willpower.
 D - the +3 helmet of Lifelessness (worn) {rF+ Int+4}
   (You found it on level 14 of the Dungeon)

   Int:       It affects your intelligence (+4).
   rF:        It protects you from fire.
 G - +0 gold dragon scales
Jewellery
 k - a ring of protection from cold (right hand)
 l - a +6 ring of strength (left hand)
 s - a +6 ring of dexterity
 y - a ring of protection from cold
 A - an amulet of reflection (around neck)
 E - a ring of protection from fire
Wands
 q - a wand of digging (12)
Scrolls
 a - 11 scrolls of identify
 u - 7 scrolls of teleportation
Potions
 b - 12 potions of curing
 c - 4 potions of attraction
 d - 4 potions of might
 g - 3 potions of mutation
 j - 3 potions of haste
 n - a potion of lignification
 r - 4 potions of heal wounds
 t - 3 potions of magic
 z - a potion of resistance
 F - a potion of cancellation

Dungeon Overview and Level Annotations

Branches:
Dungeon (15/15)            Temple (1/1) D:4            Lair (5/5) D:8
 Shoals (0/4) Lair:3       Spider (0/4) Lair:2        Slime (0/5) Lair:5
    Orc (2/2) D:10            Elf (0/3) Orc:2        Vaults (0/5) D:13
 Depths (0/4) D:15        Gauntlet (visited)

Altars:
Ashenzari
Cheibriados
Dithmenos
Elyvilon
Fedhas
Gozag
Hepliaklqana
Kikubaaqudgha
Makhleb
Nemelex Xobeh
Okawaru
Qazlal
Ru
Sif Muna
Trog
Uskayaw
Vehumet
Wu Jian
Xom
Yredelemnul
Zin
The Shining One
Jiyva

Shops:
D:4 :   D:5 (=*   D:6 *   D:8 ((   D:9 (   D:11 [

Annotations:
D:7 1 runed translucent door, Crazy Yiuf
D:12 3 runed translucent doors, Netaeli's ghost, journeyman SpVM; Shukka's ghost, journeyman MiBe; Tinen's ghost, journeyman TrMo; Ycigyrier's ghost, journeyman HOFi; collin38's ghost, journeyman MiBe
Lair:4 3 runed translucent doors, Vufrucs's ghost, journeyman DrTm; Zaegoraum's ghost, journeyman DsAK
Lair:5 2 runed translucent doors
Orc:2 1 runed translucent door, qw's ghost, adept GrFi


Message History

Beogh smites you!
An orc comes into view. It is wielding a +0 flail.
You hear a shout!
You barely miss the orc priest. You block the orc priest's attack.
An orc high priest comes into view. It is wielding a +0 hand axe.
You block the orc high priest's attack.
You barely miss the orc priest.
The warg stops to sniff the ground.
The orc high priest mumbles some strange prayers to Beogh.
The orc high priest closely misses you. You block the orc priest's attack.
You slash the orc priest!
You kill the orc priest!
Okawaru accepts your kill.
You hear a shout!
An orc high priest and an orc come into view.
The orange demon screeches!
The rust devil screeches!
The orc shouts!
You hear a shout!
The orc priest mumbles some strange prayers to Beogh against you.
Beogh smites you!
The orc high priest mumbles some strange prayers to Beogh.
An orc priest comes into view. It is wielding a +0 short sword.
You block the orc high priest's attack.
The orc high priest jeers loudly, as Orcs often do.
You block the orc high priest's attack.
The orc priest mumbles some strange prayers to Beogh against you.
Beogh smites you!
The orc high priest mumbles some strange prayers to Beogh.
You block the orc's attack. The neqoxec gestures at you.
You feel dopey. Something feeds on your intellect!
Items here: %%%%%% ( ))))))))) [[[.
23980 ||| READING 8 scrolls of teleportation.
As you read the scroll of teleportation, it crumbles to dust.
You feel strangely unstable.
The orc high priest completely misses you.
The orc priest invokes the aid of Beogh against you.
Beogh smites you!
You die...

...............#########
.............o..........
........................
..............######..##
..............# ..# .#
..............# ..#
_.............# 3o# .
..............###o##oh.4
.............ยค).@o4oooo8
..............###o##ooho
..............# 4o# #
..............# o4#
..............# 33#
...##+###.....# ..# .
...#W:!#......######..
...#787#.....).......
...#####.....))......


You could see a soul eater (summoned), 4 orc high priests, a sun demon
(summoned), 2 orange demons, an ice devil (summoned), a rust devil (summoned), a
neqoxec (summoned), 2 wargs, 5 orc priests and 5 orcs.

Vanquished Creatures
  Rupert (D:12)
  Nessos (D:13)
  A minotaur (Gauntlet)
  2 fire dragons
  Fannar (Lair:2)
  A yaktaur captain (D:13)
  Erolcha (D:12)
  An ice dragon (D:15)
  An ogre mage (D:15)
  A ghost crab (Gauntlet)
  2 catoblepae
  A death knight (D:15)
  3 boulder beetles
  5 centaur warriors
  4 hydras
  5 two-headed ogres
  2 tengu warriors
  A dancing weapon (D:15)
  2 death yaks (Lair:5)
  Sonja (Lair:2)
  2 fire crabs
  2 cherubim (D:15)
  Pikel (D:7)
  An orc knight (D:15)
  A wolf spider (Lair:2)
  18 ugly things
  2 manticores
  5 cyclopes
  10 black mambas
  21 elephants
  A torpor snail (Lair:5)
  Joseph (D:7)
  6 cane toads
  4 molten gargoyles
  A gargoyle (D:12)
  19 rime drakes
  4 kobold demonologists
  2 yaktaurs (D:13)
  2 freezing wraiths (D:15)
  16 komodo dragons
  A tengu conjurer (D:14)
  A merfolk (D:12)
  4 trolls
  2 queen bees
  3 meliai (Lair:4)
  A polar bear (Lair:4)
  2 hornets
  A blink frog (shapeshifter) (D:13)
  8 slime creatures
  A dream sheep (Lair:1)
  7 blink frogs (Lair:3)
  A wind drake (Lair:3)
  2 culicivoras (Lair:2)
  A jumping spider (Lair:2)
  A shadow (D:10)
  A vampire (D:12)
  A water elemental (D:15)
  39 yaks
  A centaur simulacrum (D:14)
  6 wraiths
  A hog (shapeshifter) (D:15)
  5 wyverns
  7 basilisks
  A human (D:12)
  Grum (D:10)
  12 steam dragons
  7 vampire mosquitoes
  Edmund (D:4)
  2 swamp worms (Gauntlet)
  4 hell hounds (Lair:5)
  4 wargs
  5 acid dragons
  17 water moccasins
  2 sky beasts
  7 orc warriors
  4 black bears
  An ice beast (D:6)
  14 wolves
  8 ogres
  6 centaurs
  2 phantoms (D:4)
  Blork the orc (D:4)
  15 bullfrogs
  6 kobold brigands
  5 scorpions
  A necrophage (D:4)
  4 wights (D:9)
  26 killer bees
  3 howler monkeys
  11 lava snakes
  A crimson imp (D:12)
  A jelly (D:5)
  17 orc priests
  4 hounds
  4 iguanas
  4 gnoll boudas
  Natasha (thrice) (D:4)
  13 orc wizards
  22 gnolls
  6 adders
  3 shadow imps
  3 ufetubi
  2 worms
  3 dart slugs
  53 orcs
  5 bats
  4 endoplasms
  2 giant cockroaches
  8 goblins
  6 hobgoblins
  4 jackals
  7 quokkas
  13 ball pythons
  2 frilled lizards
  27 kobolds
  2 orc skeletons (D:5)
  4 orc zombies (D:5)
  A rat (D:3)
  A fire vortex (D:15)
648 creatures vanquished.

Vanquished Creatures (others)
  A steam dragon (Lair:2)
  A centaur (D:12)
  A white imp (D:6)
  31 fungi
  32 plants
  4 withered plants (Lair:4)
70 creatures vanquished.

Grand Total: 718 creatures vanquished

Notes
Turn   | Place    | Note
-------+----------+-------------------------------------------
     0 | D:1      | qw the Gargoyle Fighter began the quest for the Orb.
     0 | D:1      | Reached XP level 1. HP: 14/14 MP: 1/1
     0 | D:1      | 0 ||| qw: Version: 0.2-a-12-gaebbb33
     0 | D:1      | 0 ||| qw: Game counter: 1167
     0 | D:1      | 0 ||| qw: Always use a shield: true
     0 | D:1      | 0 ||| qw: God list: Okawaru
     0 | D:1      | 0 ||| qw: Allow faded altars: false
     0 | D:1      | 0 ||| qw: Do Orc after D:15 true
     0 | D:1      | 0 ||| qw: Do second Lair branch before Depths: true
     0 | D:1      | 0 ||| qw: Lair rune preference: random
     0 | D:1      | 0 ||| qw: Plans: Normal, Zot:1-4, God:TSO, Crypt, Tomb,
                  | Pan, Slime:5, Hells, Abyss, Orb
     0 | D:1      | 0 ||| PLANNING D:1-11
    78 | D:1      | Reached skill level 2 in Axes
   475 | D:1      | Reached XP level 2. HP: 19/19 MP: 2/2
   844 | D:1      | Found a faded altar of an unknown god.
  1070 | D:1      | 1070 ||| UPGRADING to +0 helmet.
  1075 | D:1      | 1075 ||| READING 3 scrolls labelled LETRO CESSOM.
  1076 | D:1      | 1076 ||| READING scroll labelled MYUSEWNUHO.
  1115 | D:1      | 1115 ||| READING 2 scrolls of identify.
  1115 | D:1      | 1115 ||| IDENTIFYING inky potion
  1116 | D:1      | 1116 ||| DROPPING potion of magic.
  1302 | D:2      | 1302 ||| Stepping ~*~*~tactically~*~*~ (hiding).
  1305 | D:2      | 1305 ||| Stepping ~*~*~tactically~*~*~ (hiding).
  1312 | D:2      | Reached skill level 3 in Axes
  1477 | D:2      | Reached XP level 3. HP: 23/23 MP: 3/3
  2160 | D:2      | 2160 ||| READING 2 scrolls labelled FAATIC ARRODADD.
  2161 | D:2      | 2161 ||| READING scroll of enchant weapon.
  2161 | D:2      | 2161 ||| ENCHANTING +1 war axe.
  2162 | D:2      | 2162 ||| READING 2 scrolls of identify.
  2162 | D:2      | 2162 ||| IDENTIFYING glowing dark potion
  2223 | D:3      | 2223 ||| STAIRDANCE
  2228 | D:3      | 2228 ||| STAIRDANCE
  2235 | D:2      | Reached XP level 4. HP: 23/28 MP: 4/4
  2333 | D:3      | Reached skill level 4 in Axes
  2582 | D:3      | 2582 ||| Stepping ~*~*~tactically~*~*~ (stealth).
  2598 | D:3      | 2598 ||| Stepping ~*~*~tactically~*~*~ (stealth).
  2599 | D:3      | 2599 ||| Stepping ~*~*~tactically~*~*~ (stealth).
  2600 | D:3      | 2600 ||| Stepping ~*~*~tactically~*~*~ (stealth).
  2617 | D:3      | 2617 ||| Stepping ~*~*~tactically~*~*~ (stealth).
  2854 | D:3      | Reached XP level 5. HP: 23/32 MP: 5/5
  2937 | D:3      | 2937 ||| DROPPING +0 whip.
  2982 | D:3      | Found a glowing golden altar of the Shining One.
  2983 | D:3      | 2983 ||| Stepping ~*~*~tactically~*~*~ (hiding).
  2985 | D:3      | 2985 ||| Stepping ~*~*~tactically~*~*~ (hiding).
  2991 | D:3      | HP: 8/32 [ball python (2)]
  3486 | D:3      | 3486 ||| UPGRADING to +0 pair of gloves.
  3491 | D:3      | 3491 ||| READING scroll labelled YHUHEQ SYNWOY.
  3492 | D:3      | 3492 ||| READING 3 scrolls of identify.
  3492 | D:3      | 3492 ||| IDENTIFYING silvery potion
  3493 | D:3      | 3493 ||| READING 2 scrolls of identify.
  3493 | D:3      | 3493 ||| IDENTIFYING puce potion
  3494 | D:3      | 3494 ||| DROPPING potion of ambrosia.
  3545 | D:4      | Found a staircase to the Ecumenical Temple.
  3546 | D:4      | Noticed Blork the orc
  3554 | D:4      | Killed Blork the orc
  3555 | D:4      | Reached skill level 5 in Axes
  3585 | D:4      | 3585 ||| PLANNING TEMPLE
  3585 | D:4      | 3585 ||| READING scroll labelled COKOGA JYRAO.
  3589 | D:4      | Reached XP level 6. HP: 37/37 MP: 6/6
  3589 | D:4      | 3589 ||| FLEEEEING.
  3590 | D:4      | 3590 ||| FLEEEEING.
  3594 | D:4      | Noticed Natasha
  3599 | D:4      | Killed Natasha
  3611 | Temple   | Entered the Ecumenical Temple
  3789 | Temple   | 3789 ||| PLANNING D:1-11
  3816 | D:4      | 3816 ||| DRINKING potion of curing.
  3816 | D:4      | 3816 ||| (to cure confusion)
  3819 | D:4      | Noticed Natasha
  3820 | D:4      | 3820 ||| Stepping ~*~*~tactically~*~*~ (stealth).
  3821 | D:4      | 3821 ||| Stepping ~*~*~tactically~*~*~ (stealth).
  3849 | D:4      | Killed Natasha
  3850 | D:4      | Reached skill level 1 in Dodging
  3858 | D:4      | Noticed Natasha
  3865 | D:4      | Killed Natasha
  3969 | D:4      | Reached skill level 6 in Axes
  3969 | D:4      | Reached XP level 7. HP: 39/43 MP: 7/7
  4072 | D:4      | 4072 ||| Stepping ~*~*~tactically~*~*~ (stealth).
  4074 | D:4      | 4074 ||| Stepping ~*~*~tactically~*~*~ (stealth).
  4076 | D:4      | 4076 ||| Stepping ~*~*~tactically~*~*~ (stealth).
  4108 | D:4      | 4108 ||| Stepping ~*~*~tactically~*~*~ (stealth).
  4115 | D:4      | 4115 ||| Stepping ~*~*~tactically~*~*~ (hiding).
  4184 | D:4      | 4184 ||| FLEEEEING.
  4185 | D:4      | 4185 ||| FLEEEEING.
  4186 | D:4      | 4186 ||| FLEEEEING.
  4187 | D:4      | 4187 ||| FLEEEEING.
  4232 | D:4      | 4232 ||| Stepping ~*~*~tactically~*~*~ (stealth).
  4240 | D:4      | 4240 ||| Stepping ~*~*~tactically~*~*~ (hiding).
  4409 | D:4      | Reached skill level 7 in Axes
  4625 | D:4      | Noticed Edmund
  4654 | D:4      | Killed Edmund
  4655 | D:4      | Reached XP level 8. HP: 49/49 MP: 8/8
  4657 | D:4      | 4657 ||| DROPPING +0 flail.
  4713 | D:4      | 4713 ||| Stepping ~*~*~tactically~*~*~ (stealth).
  4714 | D:4      | 4714 ||| Stepping ~*~*~tactically~*~*~ (stealth).
  4721 | D:4      | 4721 ||| Stepping ~*~*~tactically~*~*~ (stealth).
  4922 | D:4      | 4922 ||| READING scroll of enchant weapon.
  4922 | D:4      | 4922 ||| ENCHANTING +2 vampiric war axe.
  4954 | D:4      | Reached skill level 1 in Throwing
  5163 | D:4      | Found Muewar's Book Shoppe.
  5166 | D:4      | 5166 ||| UPGRADING to +2 ring mail of fire resistance.
  5176 | D:4      | 5176 ||| DROPPING +0 scale mail.
  5177 | D:4      | 5177 ||| UPGRADING to +0 cloak.
  5182 | D:4      | 5182 ||| UPGRADING to +2 scale mail of willpower.
  5192 | D:4      | 5192 ||| READING scroll labelled BIZXOA OXAI.
  5193 | D:4      | 5193 ||| READING scroll labelled DAH NILAVAGH.
  5215 | D:5      | Entered Level 5 of the Dungeon
  5216 | D:5      | 5216 ||| PLANNING OSSUARY
  5225 | D:5      | Reached skill level 8 in Axes
  5225 | D:5      | 5225 ||| STAIRDANCE
  5291 | D:5      | Found Geaxtiut's General Store.
  5304 | D:5      | 5304 ||| BUYING 2 potions of curing (84 gold).
  5304 | D:5      | Bought 2 potions of curing for 84 gold pieces
  5358 | D:5      | Found Husihioll's Jewellery Shop.
  5363 | D:5      | Noticed a yak
  5363 | D:5      | Noticed a yak
  5365 | D:5      | Noticed a yak
  5365 | D:5      | Noticed a yak
  5366 | D:5      | 5366 ||| Stepping ~*~*~tactically~*~*~ (stealth).
  5368 | D:5      | 5368 ||| Stepping ~*~*~tactically~*~*~ (stealth).
  5369 | D:5      | 5369 ||| Stepping ~*~*~tactically~*~*~ (stealth).
  5374 | D:5      | Noticed a yak
  5378 | D:5      | Killed a yak
  5379 | D:5      | Reached skill level 6 in Fighting
  5381 | D:5      | Killed a yak
  5385 | D:5      | Killed a yak
  5389 | D:5      | Killed a yak
  5390 | D:5      | Reached skill level 9 in Axes
  5390 | D:5      | Reached XP level 9. HP: 30/55 MP: 9/9
  5507 | D:5      | 5507 ||| Stepping ~*~*~tactically~*~*~ (stealth).
  5521 | D:5      | 5521 ||| Stepping ~*~*~tactically~*~*~ (stealth).
  5525 | D:5      | 5525 ||| SHOPLISTING +6 ring of strength (432 gold, have
                  | 73).
  5525 | D:5      | 5525 ||| SHOPLISTING amulet "Watsiodd" {RegenMP rF+} (528
                  | gold, have 73).
  5525 | D:5      | 5525 ||| SHOPLISTING ring of fire (300 gold, have 73).
  5525 | D:5      | 5525 ||| SHOPLISTING ring of protection from cold (300
                  | gold, have 73).
  5525 | D:5      | 5525 ||| SHOPLISTING ring of willpower (300 gold, have 73).
  5553 | D:5      | 5553 ||| READING scroll of enchant weapon.
  5553 | D:5      | 5553 ||| ENCHANTING +3 vampiric war axe.
  5627 | D:5      | Found Rowuo's Weapon Shop.
  5797 | D:5      | 5797 ||| Stepping ~*~*~tactically~*~*~ (hiding).
  5802 | D:5      | Noticed a troll
  5818 | D:5      | HP: 12/56 [troll (5)]
  5820 | D:5      | Killed a troll
  5882 | D:5      | 5882 ||| RIP OSSUARY
  6058 | D:5      | 6058 ||| PLANNING D:1-11
  6286 | D:5      | 6286 ||| Stepping ~*~*~tactically~*~*~ (stealth).
  6311 | D:5      | Found an iron altar of Okawaru.
  6312 | D:5      | 6312 ||| PLANNING OKAWARU WORSHIP
  6312 | D:5      | 6312 ||| UPGRADING to +6 ring of strength.
  6313 | D:5      | 6313 ||| UPGRADING to +6 ring of dexterity.
  6314 | D:5      | 6314 ||| READING scroll labelled UBBYERYSAQ.
  6315 | D:5      | 6315 ||| READING scroll labelled PADAHA XATSA.
  6319 | D:5      | 6319 ||| READING 5 scrolls of identify.
  6319 | D:5      | 6319 ||| IDENTIFYING orange potion
  6320 | D:5      | 6320 ||| DROPPING potion of flight.
  6366 | D:5      | Became a worshipper of Warmaster Okawaru
  6367 | D:5      | 6367 ||| PLANNING D:1-11
  6458 | D:6      | 6458 ||| Stepping ~*~*~tactically~*~*~ (hiding).
  6460 | D:6      | 6460 ||| Stepping ~*~*~tactically~*~*~ (hiding).
  6477 | D:6      | 6477 ||| Stepping ~*~*~tactically~*~*~ (hiding).
  6574 | D:6      | 6574 ||| Stepping ~*~*~tactically~*~*~ (stealth).
  6576 | D:6      | 6576 ||| Stepping ~*~*~tactically~*~*~ (cloud).
  6580 | D:6      | 6580 ||| Stepping ~*~*~tactically~*~*~ (cloud).
  6589 | D:6      | Found Zalaer's Fire Supplies.
  6604 | D:6      | 6604 ||| SHOPLISTING +0 fire dragon scales (600 gold, have
                  | 200).
  6604 | D:6      | 6604 ||| SHOPLISTING +4 morningstar of flaming (292 gold,
                  | have 200).
  6604 | D:6      | 6604 ||| SHOPLISTING ring of fire (250 gold, have 200).
  6619 | D:6      | Reached skill level 10 in Axes
  7117 | D:6      | Reached * piety under Okawaru
  7118 | D:6      | Reached skill level 3 in Dodging
  7161 | D:6      | 7161 ||| UPGRADING to +0 pair of boots.
  7166 | D:6      | 7166 ||| UPGRADING to ring of protection from cold.
  7168 | D:6      | 7168 ||| READING 4 scrolls of identify.
  7168 | D:6      | 7168 ||| IDENTIFYING viscous orange potion
  7169 | D:6      | 7169 ||| READING 3 scrolls of identify.
  7169 | D:6      | 7169 ||| IDENTIFYING lumpy yellow potion
  7170 | D:6      | 7170 ||| DROPPING potion of invisibility.
  7194 | D:7      | Noticed Joseph
  7207 | D:7      | 7207 ||| INVOKING Heroism.
  7212 | D:7      | Reached skill level 1 in Invocations
  7213 | D:7      | Reached XP level 10. HP: 63/63 MP: 7/11
  7216 | D:7      | Killed Joseph
  7217 | D:7      | Reached skill level 3 in Invocations
  7295 | D:7      | 7295 ||| INVOKING Heroism.
  7428 | D:7      | Noticed Pikel
  7429 | D:7      | 7429 ||| Stepping ~*~*~tactically~*~*~ (hiding).
  7435 | D:7      | Killed Pikel
  7435 | D:7      | Reached ** piety under Okawaru
  7438 | D:7      | 7438 ||| INVOKING Heroism.
  7783 | D:7      | Found a runed translucent door.
  7784 | D:7      | Noticed Crazy Yiuf
  7950 | D:7      | 7950 ||| READING scroll labelled ZAUCKA SUGGAKO.
  7984 | D:8      | Found Buohaarr's Hydra Hut.
  8012 | D:8      | Noticed a four-headed hydra
  8015 | D:8      | 8015 ||| BUYING +0 war axe of flaming (107 gold).
  8015 | D:8      | Bought a +0 war axe of flaming for 107 gold pieces
  8015 | D:8      | 8015 ||| DROPPING +0 flail of protection.
  8101 | D:8      | 8101 ||| Stepping ~*~*~tactically~*~*~ (stealth).
  8102 | D:8      | 8102 ||| INVOKING Heroism.
  8138 | D:8      | 8138 ||| Stepping ~*~*~tactically~*~*~ (hiding).
  8142 | D:8      | 8142 ||| INVOKING Heroism.
  8159 | D:8      | Reached skill level 11 in Axes
  8195 | D:8      | 8195 ||| Stepping ~*~*~tactically~*~*~ (stealth).
  8197 | D:8      | 8197 ||| Stepping ~*~*~tactically~*~*~ (hiding).
  8207 | D:8      | 8207 ||| Stepping ~*~*~tactically~*~*~ (stealth).
  8209 | D:8      | 8209 ||| Stepping ~*~*~tactically~*~*~ (stealth).
  8210 | D:8      | 8210 ||| Stepping ~*~*~tactically~*~*~ (stealth).
  8224 | D:8      | Reached *** piety under Okawaru
  8244 | D:8      | 8244 ||| Stepping ~*~*~tactically~*~*~ (stealth).
  8249 | D:8      | 8249 ||| Stepping ~*~*~tactically~*~*~ (hiding).
  8279 | D:8      | 8279 ||| Stepping ~*~*~tactically~*~*~ (stealth).
  8281 | D:8      | 8281 ||| Stepping ~*~*~tactically~*~*~ (hiding).
  8286 | D:8      | 8286 ||| Stepping ~*~*~tactically~*~*~ (hiding).
  8369 | D:8      | Found Xiocuol's Antique Weapon Shop.
  8404 | D:8      | Reached skill level 9 in Fighting
  8675 | D:8      | 8675 ||| Stepping ~*~*~tactically~*~*~ (stealth).
  8677 | D:8      | 8677 ||| Stepping ~*~*~tactically~*~*~ (stealth).
  8680 | D:8      | 8680 ||| Stepping ~*~*~tactically~*~*~ (stealth).
  8682 | D:8      | 8682 ||| Stepping ~*~*~tactically~*~*~ (stealth).
  8684 | D:8      | 8684 ||| Stepping ~*~*~tactically~*~*~ (stealth).
  8734 | D:8      | Reached XP level 11. HP: 68/71 MP: 14/14
  8768 | D:8      | Found a staircase to the Lair.
  8769 | D:8      | 8769 ||| INVOKING Heroism.
  8904 | D:8      | 8904 ||| INVOKING Heroism.
  9091 | D:8      | 9091 ||| PLANNING LAIR
  9091 | D:8      | 9091 ||| READING 4 scrolls of identify.
  9091 | D:8      | 9091 ||| IDENTIFYING white potion
  9092 | D:8      | 9092 ||| DROPPING potion of berserk rage.
  9127 | Lair:1   | Entered Level 1 of the Lair of Beasts
  9129 | Lair:1   | Noticed a catoblepas
  9130 | Lair:1   | 9130 ||| INVOKING Heroism.
  9141 | Lair:1   | Reached skill level 6 in Armour
  9147 | Lair:1   | Killed a catoblepas
  9147 | Lair:1   | Reached **** piety under Okawaru
  9148 | Lair:1   | 9148 ||| Stepping ~*~*~tactically~*~*~ (stealth).
  9185 | Lair:1   | 9185 ||| INVOKING Heroism.
  9290 | Lair:1   | Found a frozen archway.
  9346 | Lair:1   | 9346 ||| Stepping ~*~*~tactically~*~*~ (stealth).
  9348 | Lair:1   | 9348 ||| INVOKING Heroism.
  9349 | Lair:1   | 9349 ||| Stepping ~*~*~tactically~*~*~ (stealth).
  9356 | Lair:1   | Reached skill level 12 in Axes
  9358 | Lair:1   | 9358 ||| Stepping ~*~*~tactically~*~*~ (stealth).
  9373 | Lair:1   | 9373 ||| Stepping ~*~*~tactically~*~*~ (stealth).
  9389 | Lair:1   | Reached ***** piety under Okawaru
  9581 | Lair:1   | 9581 ||| INVOKING Heroism.
  9587 | Lair:1   | Reached skill level 6 in Shields
  9587 | Lair:1   | Reached skill level 6 in Invocations
  9832 | Lair:1   | 9832 ||| INVOKING Heroism.
  9880 | Lair:1   | 9880 ||| INVOKING Heroism.
  9988 | Lair:1   | 9988 ||| Stepping ~*~*~tactically~*~*~ (hiding).
 10000 | Lair:1   | Received a gift from Okawaru
 10052 | Lair:1   | 10052 ||| INVOKING Heroism.
 10266 | Lair:1   | 10266 ||| UPGRADING to +2 pair of gloves.
 10276 | Lair:1   | 10276 ||| INVOKING Heroism.
 10300 | Lair:1   | 10300 ||| DROPPING +0 pair of gloves.
 10478 | Lair:1   | 10478 ||| DROPPING ring of ice.
 10479 | Lair:1   | 10479 ||| DRINKING 2 metallic black potions.
 10562 | Lair:2   | Noticed a wolf spider
 10563 | Lair:2   | 10563 ||| Stepping ~*~*~tactically~*~*~ (hiding).
 10564 | Lair:2   | 10564 ||| Stepping ~*~*~tactically~*~*~ (hiding).
 10567 | Lair:2   | 10567 ||| Stepping ~*~*~tactically~*~*~ (stealth).
 10568 | Lair:2   | 10568 ||| INVOKING Heroism.
 10579 | Lair:2   | Reached XP level 12. HP: 61/77 MP: 15/17
 10605 | Lair:2   | 10605 ||| Stepping ~*~*~tactically~*~*~ (hiding).
 10611 | Lair:2   | 10611 ||| Stepping ~*~*~tactically~*~*~ (stealth).
 10727 | Lair:2   | Found a hole to the Spider Nest.
 10754 | Lair:2   | 10754 ||| Stepping ~*~*~tactically~*~*~ (hiding).
 10792 | Lair:2   | Noticed Fannar
 10811 | Lair:2   | Killed Fannar
 10949 | Lair:2   | 10949 ||| INVOKING Heroism.
 11025 | Lair:2   | 11025 ||| INVOKING Heroism.
 11147 | Lair:2   | 11147 ||| INVOKING Heroism.
 11151 | Lair:2   | Reached skill level 9 in Invocations
 11152 | Lair:2   | Reached skill level 3 in Throwing
 11159 | Lair:2   | Received a gift from Okawaru
 11179 | Lair:2   | 11179 ||| INVOKING Heroism.
 11214 | Lair:2   | 11214 ||| Stepping ~*~*~tactically~*~*~ (stealth).
 11261 | Lair:2   | 11261 ||| Stepping ~*~*~tactically~*~*~ (stealth).
 11263 | Lair:2   | 11263 ||| Stepping ~*~*~tactically~*~*~ (hiding).
 11272 | Lair:2   | Reached skill level 13 in Axes
 11286 | Lair:2   | 11286 ||| Stepping ~*~*~tactically~*~*~ (stealth).
 11538 | Lair:2   | Noticed Sonja
 11539 | Lair:2   | 11539 ||| INVOKING Finesse.
 11543 | Lair:2   | Killed Sonja
 11722 | Lair:2   | 11722 ||| UPGRADING to +0 kite shield.
 11732 | Lair:2   | 11732 ||| DROPPING +0 buckler.
 11733 | Lair:2   | 11733 ||| DROPPING scarf of invisibility.
 11734 | Lair:2   | 11734 ||| READING scroll labelled KEZXUFY MURUVOI.
 11735 | Lair:2   | 11735 ||| DRINKING 2 purple potions.
 11736 | Lair:2   | 11736 ||| READING 4 scrolls of identify.
 11736 | Lair:2   | 11736 ||| IDENTIFYING coppery potion
 11737 | Lair:2   | 11737 ||| READING 3 scrolls of identify.
 11737 | Lair:2   | 11737 ||| IDENTIFYING fuming black potion
 11738 | Lair:2   | 11738 ||| DROPPING potion of degeneration.
 11739 | Lair:2   | 11739 ||| DROPPING potion of brilliance.
 11759 | Lair:3   | You fall into a shaft and drop 2 floors!
 11759 | Lair:5   | Entered Level 5 of the Lair of Beasts
 11762 | Lair:5   | 11762 ||| INVOKING Heroism.
 11812 | Lair:5   | 11812 ||| Stepping ~*~*~tactically~*~*~ (stealth).
 11813 | Lair:5   | 11813 ||| Stepping ~*~*~tactically~*~*~ (stealth).
 11815 | Lair:5   | Noticed a death yak
 11815 | Lair:5   | Noticed a death yak
 11816 | Lair:5   | 11816 ||| Stepping ~*~*~tactically~*~*~ (stealth).
 11818 | Lair:5   | 11818 ||| Stepping ~*~*~tactically~*~*~ (stealth).
 11819 | Lair:5   | 11819 ||| INVOKING Heroism.
 11820 | Lair:5   | 11820 ||| INVOKING Finesse.
 11835 | Lair:5   | Noticed a seven-headed hydra
 11836 | Lair:5   | 11836 ||| Stepping ~*~*~tactically~*~*~ (stealth).
 11838 | Lair:5   | Reached XP level 13. HP: 82/82 MP: 13/20
 11863 | Lair:5   | Reached skill level 9 in Shields
 11865 | Lair:5   | 11865 ||| SWAPPING to +0 war axe of flaming.
 11875 | Lair:5   | 11875 ||| SWAPPING to +4 vampiric war axe.
 11884 | Lair:5   | 11884 ||| Stepping ~*~*~tactically~*~*~ (stealth).
 11885 | Lair:5   | 11885 ||| Stepping ~*~*~tactically~*~*~ (stealth).
 11886 | Lair:5   | 11886 ||| Stepping ~*~*~tactically~*~*~ (stealth).
 11887 | Lair:5   | 11887 ||| Stepping ~*~*~tactically~*~*~ (stealth).
 11890 | Lair:5   | 11890 ||| INVOKING Heroism.
 11913 | Lair:5   | Received a gift from Okawaru
 11985 | Lair:5   | Found a staircase to the Slime Pits.
 11986 | Lair:5   | Found a viscous altar of Jiyva.
 12016 | Lair:5   | 12016 ||| INVOKING Heroism.
 12100 | Lair:4   | 12100 ||| INVOKING Heroism.
 12191 | Lair:3   | 12191 ||| Stepping ~*~*~tactically~*~*~ (stealth).
 12244 | Lair:3   | 12244 ||| INVOKING Heroism.
 12267 | Lair:3   | 12267 ||| INVOKING Heroism.
 12274 | Lair:3   | Received a gift from Okawaru
 12298 | Lair:3   | Found a staircase to the Shoals.
 12319 | Lair:3   | 12319 ||| Stepping ~*~*~tactically~*~*~ (stealth).
 12321 | Lair:3   | 12321 ||| Stepping ~*~*~tactically~*~*~ (stealth).
 12336 | Lair:3   | 12336 ||| INVOKING Heroism.
 12595 | Lair:3   | 12595 ||| INVOKING Heroism.
 12770 | Lair:3   | 12770 ||| INVOKING Heroism.
 12771 | Lair:3   | 12771 ||| INVOKING Finesse.
 12773 | Lair:3   | 12773 ||| SWAPPING to +0 war axe of flaming.
 12783 | Lair:3   | Reached skill level 14 in Axes
 12783 | Lair:3   | 12783 ||| SWAPPING to +4 vampiric war axe.
 12818 | Lair:3   | 12818 ||| Stepping ~*~*~tactically~*~*~ (stealth).
 12906 | Lair:3   | 12906 ||| Stepping ~*~*~tactically~*~*~ (hiding).
 12907 | Lair:3   | 12907 ||| Stepping ~*~*~tactically~*~*~ (hiding).
 12910 | Lair:3   | 12910 ||| INVOKING Heroism.
 13087 | Lair:3   | 13087 ||| INVOKING Heroism.
 13088 | Lair:3   | 13088 ||| INVOKING Finesse.
 13447 | Lair:3   | 13447 ||| UPGRADING to amulet of reflection.
 13452 | Lair:3   | 13452 ||| READING 3 scrolls of identify.
 13452 | Lair:3   | 13452 ||| IDENTIFYING sapphire potion
 13489 | Lair:4   | 13489 ||| INVOKING Heroism.
 13518 | Lair:4   | 13518 ||| INVOKING Heroism.
 13611 | Lair:4   | 13611 ||| INVOKING Heroism.
 13644 | Lair:4   | 13644 ||| READING scroll of enchant armour.
 13644 | Lair:4   | 13644 ||| ENCHANTING +0 helmet.
 13657 | Lair:4   | 13657 ||| READING scroll of enchant armour.
 13657 | Lair:4   | 13657 ||| ENCHANTING +1 helmet.
 13720 | Lair:4   | 13720 ||| INVOKING Heroism.
 13782 | Lair:4   | 13782 ||| INVOKING Heroism.
 13783 | Lair:4   | 13783 ||| SWAPPING to +0 war axe of flaming.
 13793 | Lair:4   | 13793 ||| SWAPPING to +4 vampiric war axe.
 13819 | Lair:4   | Gained mutation: Your large and strong wings let you fly.
                  | [Gargoyle growth]
 13819 | Lair:4   | Reached XP level 14. HP: 80/90 MP: 21/21
 13926 | Lair:4   | 13926 ||| Stepping ~*~*~tactically~*~*~ (hiding).
 13933 | Lair:4   | 13933 ||| INVOKING Heroism.
 13958 | Lair:4   | 13958 ||| INVOKING Heroism.
 13976 | Lair:4   | 13976 ||| Stepping ~*~*~tactically~*~*~ (stealth).
 13978 | Lair:4   | 13978 ||| Stepping ~*~*~tactically~*~*~ (stealth).
 13980 | Lair:4   | 13980 ||| Stepping ~*~*~tactically~*~*~ (hiding).
 14019 | Lair:4   | 14019 ||| READING scroll of enchant weapon.
 14019 | Lair:4   | 14019 ||| ENCHANTING +4 vampiric war axe.
 14063 | Lair:4   | Found a runed translucent gate.
 14063 | Lair:4   | Found a runed translucent gate.
 14063 | Lair:4   | Found a runed translucent gate.
 14067 | Lair:4   | Noticed Zaegoraum's ghost (journeyman DsAK)
 14067 | Lair:4   | Noticed Vufrucs's ghost (journeyman DrTm)
 14067 | Lair:4   | Found the +8 demon blade "Leech" {vamp, Harm Drain rN+}
 14280 | Lair:4   | 14280 ||| READING scroll labelled PIAXTIEHUS.
 14280 | Lair:4   | Identified a scroll of acquirement
 14280 | Lair:4   | 14280 ||| ACQUIRING +2 pair of gloves of Decrun {rElec
                  | Will+ Regen+ Int+3}
 14280 | Lair:4   | Acquired the +2 pair of gloves of Decrun {rElec Will+
                  | Regen+ Int+3}
 14282 | Lair:4   | 14282 ||| UPGRADING to +2 pair of gloves of Decrun {rElec
                  | Will+ Regen+ Int+3}.
 14292 | Lair:4   | 14292 ||| DROPPING +2 pair of gloves.
 14293 | Lair:4   | 14293 ||| READING 2 scrolls of identify.
 14293 | Lair:4   | 14293 ||| IDENTIFYING fuming cyan potion
 14391 | Lair:5   | Received a gift from Okawaru
 14450 | Lair:5   | Reached skill level 12 in Shields
 14450 | Lair:5   | 14450 ||| INVOKING Heroism.
 14451 | Lair:5   | 14451 ||| SWAPPING to +0 war axe of flaming.
 14459 | Lair:5   | 14459 ||| SWAPPING to +5 vampiric war axe.
 14854 | Lair:5   | 14854 ||| INVOKING Heroism.
 14944 | Lair:5   | 14944 ||| INVOKING Heroism.
 14969 | Lair:5   | 14969 ||| Stepping ~*~*~tactically~*~*~ (cloud).
 14973 | Lair:5   | Found a large runed translucent door.
 14973 | Lair:5   | Found a large runed translucent door.
 14974 | Lair:5   | 14974 ||| READING scroll labelled BIUFOM HIKU.
 14975 | Lair:5   | 14975 ||| PLANNING D:1-11
 14975 | Lair:5   | 14975 ||| READING scroll labelled BOTUSI SOGOE.
 14978 | Lair:5   | 14978 ||| Stepping randomly (cloudy).
 14979 | Lair:5   | 14979 ||| Stepping ~*~*~tactically~*~*~ (cloud).
 14983 | Lair:5   | 14983 ||| Stepping randomly (cloudy).
 14984 | Lair:5   | 14984 ||| Stepping ~*~*~tactically~*~*~ (cloud).
 14988 | Lair:5   | 14988 ||| Stepping ~*~*~tactically~*~*~ (cloud).
 14994 | Lair:5   | 14994 ||| INVOKING Heroism.
 15028 | Lair:5   | 15028 ||| Stepping ~*~*~tactically~*~*~ (stealth).
 15048 | Lair:5   | 15048 ||| Stepping ~*~*~tactically~*~*~ (stealth).
 15085 | Lair:5   | Received a gift from Okawaru
 15382 | D:9      | 15382 ||| Stepping ~*~*~tactically~*~*~ (hiding).
 15396 | D:9      | 15396 ||| Stepping ~*~*~tactically~*~*~ (stealth).
 15471 | D:9      | 15471 ||| Stepping ~*~*~tactically~*~*~ (hiding).
 15472 | D:9      | 15472 ||| Stepping ~*~*~tactically~*~*~ (hiding).
 15484 | D:9      | Reached skill level 15 in Axes
 15596 | D:9      | 15596 ||| Stepping ~*~*~tactically~*~*~ (stealth).
 15597 | D:9      | 15597 ||| Stepping ~*~*~tactically~*~*~ (stealth).
 15600 | D:9      | 15600 ||| INVOKING Heroism.
 15607 | D:9      | 15607 ||| Stepping ~*~*~tactically~*~*~ (stealth).
 15608 | D:9      | 15608 ||| Stepping ~*~*~tactically~*~*~ (stealth).
 15837 | D:9      | 15837 ||| Stepping ~*~*~tactically~*~*~ (stealth).
 15841 | D:9      | 15841 ||| INVOKING Heroism.
 15904 | D:9      | 15904 ||| Stepping ~*~*~tactically~*~*~ (stealth).
 15905 | D:9      | 15905 ||| Stepping ~*~*~tactically~*~*~ (stealth).
 15906 | D:9      | 15906 ||| Stepping ~*~*~tactically~*~*~ (stealth).
 15930 | D:9      | Found Pille's Weapon Emporium.
 15952 | D:9      | 15952 ||| Stepping ~*~*~tactically~*~*~ (stealth).
 15958 | D:9      | 15958 ||| Stepping ~*~*~tactically~*~*~ (stealth).
 15961 | D:9      | 15961 ||| Stepping ~*~*~tactically~*~*~ (stealth).
 16391 | D:9      | 16391 ||| DROPPING +2 ring mail of fire resistance.
 16392 | D:9      | 16392 ||| DROPPING +0 chain mail.
 16393 | D:9      | 16393 ||| UPGRADING to +0 plate armour.
 16403 | D:9      | 16403 ||| DROPPING +2 scale mail of willpower.
 16424 | D:10     | Entered Level 10 of the Dungeon
 16443 | D:10     | 16443 ||| INVOKING Heroism.
 16627 | D:10     | 16627 ||| INVOKING Heroism.
 16690 | D:10     | Noticed Grum
 16691 | D:10     | 16691 ||| Stepping ~*~*~tactically~*~*~ (stealth).
 16692 | D:10     | 16692 ||| Stepping ~*~*~tactically~*~*~ (hiding).
 16694 | D:10     | 16694 ||| INVOKING Heroism.
 16695 | D:10     | 16695 ||| INVOKING Finesse.
 16700 | D:10     | Killed Grum
 16921 | D:10     | 16921 ||| Stepping ~*~*~tactically~*~*~ (stealth).
 16926 | D:10     | 16926 ||| Stepping ~*~*~tactically~*~*~ (stealth).
 16930 | D:10     | 16930 ||| INVOKING Heroism.
 16931 | D:10     | Found a staircase to the Orcish Mines.
 17124 | D:10     | Found a radiant altar of Vehumet.
 17145 | D:10     | Found a basalt altar of Yredelemnul.
 17220 | D:10     | 17220 ||| INVOKING Heroism.
 17378 | D:10     | 17378 ||| READING scroll labelled WIXKYJUTAI.
 17469 | D:11     | 17469 ||| Stepping ~*~*~tactically~*~*~ (hiding).
 17474 | D:11     | Reached skill level 9 in Armour
 17614 | D:11     | 17614 ||| Stepping ~*~*~tactically~*~*~ (stealth).
 17628 | D:11     | 17628 ||| Stepping ~*~*~tactically~*~*~ (hiding).
 17829 | D:11     | 17829 ||| Stepping ~*~*~tactically~*~*~ (hiding).
 17977 | D:11     | 17977 ||| INVOKING Heroism.
 17978 | D:11     | 17978 ||| INVOKING Finesse.
 18037 | D:11     | 18037 ||| Stepping ~*~*~tactically~*~*~ (stealth).
 18043 | D:11     | 18043 ||| INVOKING Heroism.
 18182 | D:11     | 18182 ||| INVOKING Heroism.
 18186 | D:11     | HP: 12/90 [molten gargoyle/bolt of magma (28)]
 18187 | D:11     | 18187 ||| READING 9 scrolls of teleportation.
 18188 | D:11     | 18188 ||| DRINKING 3 potions of heal wounds.
 18357 | D:11     | 18357 ||| INVOKING Heroism.
 18548 | D:11     | 18548 ||| READING scroll of enchant weapon.
 18548 | D:11     | 18548 ||| ENCHANTING +5 vampiric war axe.
 18550 | D:11     | Found Xacacwext's Antique Armour Boutique.
 18559 | D:11     | 18559 ||| BUYING smoking chain mail (294 gold).
 18559 | D:11     | Bought a smoking chain mail for 294 gold pieces
 18559 | D:11     | Identified the +0 chain mail of Thoughtfulness {+Blink
                  | Regen+ Str+4} (You bought it in a shop on level 11 of the
                  | Dungeon)
 18734 | D:11     | 18734 ||| PLANNING D
 18734 | D:11     | 18734 ||| UPGRADING to +0 chain mail of Thoughtfulness
                  | {+Blink Regen+ Str+4}.
 18744 | D:11     | 18744 ||| DROPPING +0 plate armour.
 18745 | D:11     | 18745 ||| READING scroll labelled JYUGGO PYATA.
 18850 | D:12     | 18850 ||| Stepping ~*~*~tactically~*~*~ (stealth).
 18873 | D:12     | Noticed Rupert
 18874 | D:12     | 18874 ||| INVOKING Heroism.
 18875 | D:12     | 18875 ||| INVOKING Finesse.
 18876 | D:12     | 18876 ||| INVOKING Finesse.
 18889 | D:12     | Killed Rupert
 18889 | D:12     | Received a gift from Okawaru
 18957 | D:12     | 18957 ||| Stepping ~*~*~tactically~*~*~ (stealth).
 18959 | D:12     | 18959 ||| INVOKING Heroism.
 19049 | D:12     | Noticed Erolcha
 19050 | D:12     | 19050 ||| INVOKING Heroism.
 19051 | D:12     | 19051 ||| INVOKING Finesse.
 19066 | D:12     | Killed Erolcha
 19268 | D:12     | 19268 ||| INVOKING Heroism.
 19272 | D:12     | 19272 ||| READING 9 scrolls of teleportation.
 19388 | D:12     | 19388 ||| Stepping ~*~*~tactically~*~*~ (stealth).
 19389 | D:12     | 19389 ||| Stepping ~*~*~tactically~*~*~ (stealth).
 19395 | D:12     | 19395 ||| INVOKING Heroism.
 19405 | D:12     | Reached skill level 12 in Fighting
 19439 | D:12     | 19439 ||| Stepping ~*~*~tactically~*~*~ (stealth).
 19540 | D:12     | Found a runed translucent gate.
 19540 | D:12     | Found a runed translucent gate.
 19540 | D:12     | Found a runed translucent gate.
 19542 | D:12     | Noticed Tinen's ghost (journeyman TrMo)
 19542 | D:12     | Noticed Netaeli's ghost (journeyman SpVM)
 19543 | D:12     | Noticed Shukka's ghost (journeyman MiBe)
 19543 | D:12     | Noticed collin38's ghost (journeyman MiBe)
 19543 | D:12     | Noticed Ycigyrier's ghost (journeyman HOFi)
 19559 | D:12     | 19559 ||| UPGRADING to +2 kite shield.
 19569 | D:12     | 19569 ||| DROPPING +0 kite shield.
 19591 | D:13     | 19591 ||| STAIRDANCE
 19637 | D:13     | Reached XP level 15. HP: 96/96 MP: 22/22
 19656 | D:13     | Noticed Nessos
 19658 | D:13     | 19658 ||| INVOKING Finesse.
 19675 | D:13     | 19675 ||| INVOKING Heroism.
 19677 | D:13     | HP: 24/96 [Nessos/arrow (1)]
 19678 | D:13     | 19678 ||| READING 8 scrolls of teleportation.
 19680 | D:13     | Killed Nessos
 19726 | D:13     | 19726 ||| Stepping ~*~*~tactically~*~*~ (hiding).
 19979 | D:13     | 19979 ||| Stepping ~*~*~tactically~*~*~ (hiding).
 19986 | D:13     | 19986 ||| INVOKING Heroism.
 19987 | D:13     | Received a gift from Okawaru
 20009 | D:13     | Found a gate to the Vaults.
 20068 | D:13     | 20068 ||| Stepping ~*~*~tactically~*~*~ (hiding).
 20562 | D:13     | 20562 ||| DROPPING amulet of regeneration.
 20563 | D:13     | 20563 ||| READING scroll labelled EDYBLE PIAN.
 20602 | D:14     | 20602 ||| PLANNING GAUNTLET
 20602 | D:14     | 20602 ||| STAIRDANCE
 20610 | D:14     | 20610 ||| STAIRDANCE
 20626 | D:14     | 20626 ||| STAIRDANCE
 20628 | D:13     | 20628 ||| INVOKING Heroism.
 20661 | D:14     | 20661 ||| INVOKING Heroism.
 20666 | D:14     | Reached skill level 16 in Axes
 20704 | D:14     | Received a gift from Okawaru
 20715 | D:14     | 20715 ||| FLEEEEING.
 20717 | D:14     | 20717 ||| INVOKING Heroism.
 20974 | D:14     | Found a shadowy altar of Dithmenos.
 21010 | D:14     | Found a gate leading to a gauntlet.
 21011 | D:14     | 21011 ||| UPGRADING to +2 crystal plate armour.
 21021 | D:14     | 21021 ||| DROPPING +0 chain mail of Thoughtfulness {+Blink
                  | Regen+ Str+4}.
 21022 | D:14     | 21022 ||| READING 12 scrolls of identify.
 21022 | D:14     | 21022 ||| IDENTIFYING red potion
 21031 | Gauntlet | Entered a Gauntlet
 21031 | Gauntlet | Found a transporter.
 21045 | Gauntlet | Found a transporter.
 21055 | Gauntlet | Found a transporter.
 21060 | Gauntlet | Found a transporter.
 21075 | Gauntlet | Found a transporter.
 21094 | Gauntlet | Found a transporter.
 21106 | Gauntlet | Found a transporter.
 21118 | Gauntlet | Found a transporter.
 21124 | Gauntlet | Found a transporter.
 21124 | Gauntlet | Found a transporter.
 21139 | Gauntlet | Found a large runed translucent door.
 21140 | Gauntlet | Found a large runed translucent door.
 21141 | Gauntlet | Found a large runed translucent door.
 21141 | Gauntlet | Found a large runed translucent door.
 21142 | Gauntlet | Found a runed translucent gate.
 21143 | Gauntlet | Found a transporter.
 21143 | Gauntlet | Found a runed translucent gate.
 21144 | Gauntlet | Found a runed translucent gate.
 21145 | Gauntlet | Found a large runed translucent door.
 21145 | Gauntlet | Found a large runed translucent door.
 21146 | Gauntlet | Found a large runed translucent door.
 21147 | Gauntlet | Found a large runed translucent door.
 21155 | Gauntlet | Found a transporter.
 21172 | Gauntlet | Found a transporter.
 21185 | Gauntlet | Found a large runed translucent door.
 21186 | Gauntlet | Found a large runed translucent door.
 21187 | Gauntlet | Found a large runed translucent door.
 21187 | Gauntlet | Found a large runed translucent door.
 21188 | Gauntlet | Found a runed translucent door.
 21189 | Gauntlet | Found a transporter.
 21190 | Gauntlet | Found a runed translucent door.
 21191 | Gauntlet | Found a transporter.
 21191 | Gauntlet | Found a large runed translucent door.
 21191 | Gauntlet | Found a large runed translucent door.
 21192 | Gauntlet | Found a large runed translucent door.
 21216 | Gauntlet | Found a transporter.
 21218 | Gauntlet | Found a transporter.
 21238 | Gauntlet | Found a transporter.
 21350 | Gauntlet | Found a large runed translucent door.
 21484 | Gauntlet | 21484 ||| INVOKING Heroism.
 21509 | Gauntlet | 21509 ||| DROPPING amulet of the acrobat.
 21536 | Gauntlet | 21536 ||| DRINKING potion of experience.
 21536 | Gauntlet | Reached XP level 16. HP: 101/101 MP: 23/23
 21542 | Gauntlet | 21542 ||| DROPPING scarf of harm.
 21567 | Gauntlet | Found the +3 warlock's mirror {reflect}
 21568 | Gauntlet | 21568 ||| Stepping ~*~*~tactically~*~*~ (stealth).
 21570 | Gauntlet | 21570 ||| Stepping ~*~*~tactically~*~*~ (hiding).
 21573 | Gauntlet | 21573 ||| INVOKING Heroism.
 21586 | Gauntlet | Reached skill level 12 in Armour
 21613 | Gauntlet | 21613 ||| DROPPING +0 war axe of flaming.
 21614 | Gauntlet | 21614 ||| DROPPING +3 broad axe of freezing.
 21627 | Gauntlet | 21627 ||| UPGRADING to +1 tower shield of protection.
 21637 | Gauntlet | 21637 ||| DROPPING +2 kite shield.
 21641 | D:14     | 21641 ||| PLANNING D
 21649 | D:14     | Identified the +3 helmet of Lifelessness {rF+ Int+4}
 21921 | D:14     | 21921 ||| UPGRADING to +3 helmet of Lifelessness {rF+
                  | Int+4}.
 21931 | D:14     | 21931 ||| DROPPING +2 helmet.
 21963 | D:15     | Entered Level 15 of the Dungeon
 21966 | D:15     | 21966 ||| STAIRDANCE
 22040 | D:15     | 22040 ||| Stepping ~*~*~tactically~*~*~ (stealth).
 22042 | D:15     | 22042 ||| Stepping ~*~*~tactically~*~*~ (hiding).
 22239 | D:15     | 22239 ||| Stepping ~*~*~tactically~*~*~ (hiding).
 22242 | D:15     | 22242 ||| INVOKING Heroism.
 22292 | D:15     | 22292 ||| Stepping ~*~*~tactically~*~*~ (hiding).
 22293 | D:15     | 22293 ||| Stepping ~*~*~tactically~*~*~ (hiding).
 22296 | D:15     | 22296 ||| INVOKING Heroism.
 22329 | D:15     | 22329 ||| INVOKING Heroism.
 22403 | D:15     | 22403 ||| Stepping ~*~*~tactically~*~*~ (stealth).
 22405 | D:15     | 22405 ||| Stepping ~*~*~tactically~*~*~ (stealth).
 22412 | D:15     | 22412 ||| INVOKING Heroism.
 22432 | D:15     | 22432 ||| READING scroll of enchant armour.
 22432 | D:15     | 22432 ||| ENCHANTING +2 crystal plate armour.
 22446 | D:15     | 22446 ||| READING scroll of enchant armour.
 22446 | D:15     | 22446 ||| ENCHANTING +3 crystal plate armour.
 22640 | D:15     | 22640 ||| Stepping ~*~*~tactically~*~*~ (cloud).
 22699 | D:15     | 22699 ||| Stepping ~*~*~tactically~*~*~ (hiding).
 22829 | D:15     | 22829 ||| Stepping ~*~*~tactically~*~*~ (hiding).
 22833 | D:15     | 22833 ||| INVOKING Heroism.
 22869 | D:15     | Found a staircase to the Depths.
 22908 | D:15     | 22908 ||| Stepping ~*~*~tactically~*~*~ (stealth).
 23203 | D:15     | 23203 ||| Stepping ~*~*~tactically~*~*~ (hiding).
 23204 | D:15     | 23204 ||| Stepping ~*~*~tactically~*~*~ (stealth).
 23232 | D:15     | 23232 ||| INVOKING Heroism.
 23236 | D:15     | Reached skill level 15 in Shields
 23463 | D:15     | 23463 ||| PLANNING ORC
 23610 | Orc:1    | Entered Level 1 of the Orcish Mines
 23730 | Orc:2    | Entered Level 2 of the Orcish Mines
 23731 | Orc:2    | 23731 ||| INVOKING Heroism.
 23800 | Orc:2    | 23800 ||| INVOKING Heroism.
 23812 | Orc:2    | Found a staircase to the Elven Halls.
 23854 | Orc:2    | Found a runed translucent door.
 23854 | Orc:2    | Noticed qw's ghost (adept GrFi)
 23938 | Orc:2    | 23938 ||| Stepping ~*~*~tactically~*~*~ (stealth).
 23944 | Orc:2    | 23944 ||| INVOKING Heroism.
 23979 | Orc:2    | HP: 18/101 [orc priest/divine providence (12)]
 23979 | Orc:2    | HP: 6/101 [orc priest/divine providence (12)]
 23980 | Orc:2    | 23980 ||| READING 8 scrolls of teleportation.
 23980 | Orc:2    | Killed from afar by an orc priest

Levels and vault maps discovered:
D:1:      dpeg_arrival_lava_temple_mockup, layout_basic, serial_forest,
          infiniplex_forest_join, infiniplex_forest_diagonal,
          infiniplex_forest_lined_2, infiniplex_forest_pool,
          infiniplex_forest_lined_room_2, infiniplex_forest_end_2,
          hellmonk_ecumenical_altar_leap_of_faith, minmay_misc_feat_cross,
          minivault_27, grunt_decor_resistance
D:2:      layout_loops_ring, grunt_ministairs_6
D:3:      layout_rooms, lemuel_tele_altar
D:4:      layout_basic, temple_doors_e, serial_shops, kennysheep_mini_moat,
          minmay_divided_ellipse, uniq_edmund, uniq_natasha, uniq_blork_the_orc
D:5:      layout_rooms, okawaru_altar_gauntlet_db,
          nicolae_ossuary_entry_catacombs, serial_shops, nicolae_square_shop,
          nicolae_shop_advertising_works [nicolae_subvault_shop_adworks],
          nicolae_stop_n_shop_2
D:6:      layout_basic, nicolae_shop_fire_sale [nicolae_sub_dead_trees]
D:7:      layout_cave_pools, hangedman_minor_gate_pass, uniq_pikel,
          uniq_crazy_yiuf_cottage, uniq_joseph
D:8:      layout_basic, grunt_lair_entry_orc_guard_hut, serial_shops,
          nicolae_shop_overgrown_old_shop, doesnt_shop_hydraphobe
D:9:      layout_loops_corners, serial_shops, shop_fountains,
          grunt_decor_junction, small_statue_intersection, item_on_display_a
D:10:     layout_gridville, mainiacjoe_overflow_two_lobes, david_orc_2,
          uniq_grum
D:11:     cheibrodos_magma_flow, layout_basic, serial_shops, shop
D:12:     layout_roguey, gammafunk_ghost_cemetery, hangedman_stone_soup,
          minmay_fractal_squares_5, uniq_rupert, uniq_erolcha
D:13:     layout_irregular_city, david_vaults_2, minivault_5, uniq_nessos
D:14:     layout_small_grid, serial_park_square1 [serial_park_minivault_5x5_8],
          gauntlet_entry_generic, grunt_dithmenos_smoke_and_mirrors
D:15:     grunt_enter_depths_hoard, layout_basic, nicolae_lava_and_water,
          minivault_24, pf_eden
Temple:   eino_narrow_crystal_temple
Lair:1:   layout_cave_pods, portal_ice_cave_entry_ice_simulacra,
          nzn_random_ring, serial_bayou_shore_a
Lair:2:   layout_regular_city, spider_nest_entry_funnel_web,
          bobbens_dragon_lair_wall, uniq_fannar, uniq_sonja
Lair:3:   layout_layer_cave, minmay_shoals_entry_beasts,
          infiniplex_staircase_pool_2
Lair:4:   layout_hall_layers, special_room [special_room_bee],
          gammafunk_ghost_cemetery
Lair:5:   cheibrodos_lair_end_hotspot, layout_small_grid, slime_entry_1
Orc:1:    layout_caves
Orc:2:    st_orc_town, layout_diamond_mine, gammafunk_ghost_grave, basic_altar

Skill      XL: |  1  2  3  4  5  6  7  8  9 10 11 12 13 14 15 16 |
---------------+-------------------------------------------------+-----
Axes           | 2 3 4 5 6 7 9 10 11 12 13 14 15 16 | 16.0
Fighting       | 4 5 6 7 9 10 11 12 | 12.0
Dodging        | 1 3 |  3.2
Throwing       | 1 2 4 5 |  5.1
Shields        | 4 5 6 7 11 12 13 15 | 15.2
Armour         | 4 5 6 7 10 11 12 | 12.3
Invocations    | 1 4 7 10 | 10.0

Action                   |  1- 3 |  4- 6 |  7- 9 | 10-12 | 13-15 | 16-18 || total
-------------------------+-------+-------+-------+-------+-------+-------++-------
Melee: War axe           |    88 |   104 |   321 |   473 |  1018 |   282 ||  2286
Throw: Boomerang         |       |       |    16 |       |    16 |       ||    32
       Javelin           |       |       |       |    16 |    53 |    27 ||    96
Invok: Heroism           |       |       |     1 |    21 |    43 |    10 ||    75
       Finesse           |       |       |       |     2 |     7 |       ||     9
  Use: Scroll            |     6 |     4 |     9 |     5 |    16 |     3 ||    43
       Potion            |       |     1 |       |     2 |     2 |       ||     5
 Stab: Distracted        |       |       |       |       |     1 |       ||     1
Armor: Scale mail        |    69 |    49 |   167 |   232 |   268 |       ||   785
       Plate armour      |       |       |       |       |    39 |       ||    39
       Chain mail        |       |       |       |       |    94 |       ||    94
       Crystal plate arm |       |       |       |       |    11 |   135 ||   146
Dodge: Dodged            |    50 |    52 |   120 |   193 |   252 |    31 ||   698
Block: Buckler           |    12 |    19 |    69 |    75 |       |       ||   175
       Kite shield       |       |       |       |     6 |   697 |    11 ||   714
       Reflection        |       |       |       |       |    48 |    12 ||    60
       Tower shield      |       |       |       |       |       |   267 ||   267

Table legend:
 A = Non-vault XP
 B = Vault XP
 C = Vault XP percentage of total XP
 D = Non-vault monster count
 E = Vault monster count
 F = Vault count percentage of total count
                 A         B        C        D         E       F
            +---------+---------+-------+---------+---------+-------
      Total |   89105 |   41357 |  31.7 |     461 |     187 |  28.9
            +---------+---------+-------+---------+---------+-------
        D:1 |      18 |       0 |   0.0 |      11 |       0 |   0.0
        D:2 |      66 |       7 |   9.6 |      21 |       2 |   8.7
        D:3 |     133 |       0 |   0.0 |      22 |       0 |   0.0
        D:4 |     798 |     556 |  41.1 |      39 |      16 |  29.1
        D:5 |    1690 |      29 |   1.7 |      21 |      12 |  36.4
        D:6 |    1108 |       0 |   0.0 |      15 |       0 |   0.0
        D:7 |    1626 |    1321 |  44.8 |      11 |       6 |  35.3
        D:8 |    1239 |     953 |  43.5 |      25 |       4 |  13.8
        D:9 |    1985 |       0 |   0.0 |      40 |       0 |   0.0
       D:10 |    2841 |     445 |  13.5 |      19 |      10 |  34.5
       D:11 |    3078 |    1121 |  26.7 |      10 |       7 |  41.2
       D:12 |    2461 |    5113 |  67.5 |       7 |      12 |  63.2
       D:13 |    6960 |    2365 |  25.4 |      15 |       4 |  21.1
       D:14 |   11043 |       0 |   0.0 |      30 |       0 |   0.0
       D:15 |   14408 |    4106 |  22.2 |      35 |       5 |  12.5
     Lair:1 |    6011 |    2741 |  31.3 |      24 |      10 |  29.4
     Lair:2 |    2812 |    8593 |  75.3 |      14 |      25 |  64.1
     Lair:3 |    6010 |     751 |  11.1 |      23 |       2 |   8.0
     Lair:4 |    9074 |    2380 |  20.8 |      25 |      21 |  45.7
     Lair:5 |   13978 |    7552 |  35.1 |      35 |      28 |  44.4
      Orc:1 |     400 |       0 |   0.0 |       3 |       0 |   0.0
      Orc:2 |    1366 |     554 |  28.9 |      16 |      13 |  44.8
   Gauntlet |       0 |    2770 | 100.0 |       0 |      10 | 100.0
            +---------+---------+-------+---------+---------+-------
